 Dungeon Crawl Stone Soup version 0.24.1-14-gf8d2b509d9 (webtiles) character file.

Game seed: 14279674035572457273, levelgen mode: deterministic

706985 Sverke the Gargoyle Barricade (level 27, -3/216 HPs)
             Began as a Gargoyle Fighter on May 28, 2020.
             Was an Elder of the Shining One.
             Slain by an azure jelly (7 damage)
             ... created by the Royal Jelly
             ... on level 4 of the Pits of Slime on May 29, 2020.
             The game lasted 04:07:57 (79338 turns).

Sverke the Gargoyle Barricade (Gargoyle Fighter)   Turns: 79338, Time: 04:07:58

Health: -3/216     AC: 37    Str: 30    XL:     27
Magic:  27/27      EV:  9    Int: 15    God:    the Shining One [****..]
Gold:   5659       SH: 34    Dex: 13    Spells: 26/26 levels left

rFire    + + +     SeeInvis +   J - +9 sacred scourge (holy)
rCold    + + +     Gourm    .   H - +6 large shield {rF+}
rNeg     + + +     Faith    .   n - +11 plate armour of the End {rPois rC+}
rPois    ∞         Spirit   .   p - +0 mask of the Dragon {MR+ Slay+3 SInv}
rElec    +         Reflect  .   w - scarf {cloud immunity}
rCorr    +         Harm     .   j - +1 pair of gloves {archery}
MR       +++..     Clarity  +   q - +2 pair of boots
Stlth    ..........             z - amulet of Ziufaetre {RegenMP rC++}
HPRegen  0.46/turn              v - ring of resist corrosion
MPRegen  0.45/turn              c - ring "Joussol" {rF++ Int+3 Dex+6}

@: corroded, berserk cooldown, flying, very slightly contaminated, slowed,
glowing, very slow
A: big wings, clarity, clumsy 1, low mp 2, negative energy resistance 1, robust
1, screaming 1, electricity resistance, unbreathing, petrification resistance,
rot immunity, AC +20
}: 5/15 runes: decaying, silver, golden, abyssal, gossamer
a: Stop Flying, Divine Shield, Cleansing Flame, Renounce Religion


You were on level 4 of the Pits of Slime.
You worshipped the Shining One.
The Shining One was greatly pleased with you.
You were not hungry.

You visited 12 branches of the dungeon, and saw 56 of its levels.
You visited the Abyss 4 times.
You also visited: Trove.

You collected 10784 gold pieces.
You spent 5125 gold pieces at shops.

Inventory:

Hand Weapons
 J - a +9 sacred scourge of holy wrath (weapon)
 P - the +8 morningstar of Toem {flame, +Rage rF+ Stlth+}
   (You took it off a deep elf elementalist on level 5 of the Vaults)

   It has been specially enchanted to burn those struck by it, causing extra
   injury to most foes and up to half again as much damage against particularly
   susceptible opponents.
   It protects you from fire.
   It lets you go berserk.
   It makes you more stealthy.
Armour
 j - a +1 pair of gloves of archery (worn)
 n - the +11 plate armour of the End (worn) {rPois rC+}
   (You bought it in a shop on level 3 of the Vaults)

   It protects you from cold.
   It protects you from poison.
 p - the +0 mask of the Dragon (worn) {MR+ Slay+3 SInv}
   (You found it on level 4 of the Depths)

   It affects your accuracy and damage with ranged weapons and melee attacks
   (+3).
   It affects your resistance to hostile enchantments.
   It lets you see invisible.
 q - a +2 pair of boots (worn)
 w - a scarf of cloud immunity (worn)
 G - the +0 helmet of True Grit {rPois Str+4}
   (You found it on level 3 of the Tomb of the Ancients)

   It affects your strength (+4).
   It protects you from poison.
 H - a +6 large shield of fire resistance (worn)
Jewellery
 c - the ring "Joussol" (right hand) {rF++ Int+3 Dex+6}
   (You bought it in a shop on level 2 of the Orcish Mines)

   [ring of intelligence]

   It affects your intelligence (+3).
   It affects your dexterity (+6).
   It greatly protects you from fire.
 s - the ring "Fonuobyu" {Slay+5 SInv Stlth+}
   (You found it on level 4 of the Lair of Beasts)

   [ring of see invisible]

   It affects your accuracy and damage with ranged weapons and melee attacks
   (+5).
   It lets you see invisible.
   It makes you more stealthy.
 v - a ring of resist corrosion (left hand)
 z - the amulet of Ziufaetre (around neck) {RegenMP rC++}
   (You found it on level 3 of the Tomb of the Ancients)

   [amulet of magic regeneration]

   It increases your magic regeneration.
   It greatly protects you from cold.
Wands
 g - a wand of digging (10)
 i - a wand of enslavement (6)
 k - a wand of polymorph (22)
Scrolls
 b - a scroll of enchant armour
 d - a scroll of brand weapon
 h - 35 scrolls of remove curse
 t - 13 scrolls of identify
 x - 14 scrolls of teleportation
 y - 2 scrolls of magic mapping
 E - 5 scrolls of enchant weapon
Potions
 e - 9 potions of agility
 l - 3 potions of haste
 o - 19 potions of curing
 B - 3 potions of berserk rage
 N - 2 potions of might
 O - 3 potions of mutation
Miscellaneous
 F - a figurine of a ziggurat
Comestibles
 f - 50 rations


   Skills:
 + Level 26.6 Fighting
 + Level 25.5 Maces & Flails
 + Level 19.6 Armour
 O Level 27 Shields
 + Level 15.0 Invocations


You had 26 spell levels left.
You didn't know any spells.
Your spell library contained the following spells:

 Spells                   Type           Power        Failure   Level  Hunger
 Apportation              Tloc           #.....       73%         1    ##.....
 Confusing Touch          Hex            #.....       73%         1    ##.....
 Corona                   Hex            #......      73%         1    ##.....
 Flame Tongue             Conj/Fire      #....        73%         1    ##.....
 Magic Dart               Conj           #...         73%         1    ##.....
 Shock                    Conj/Air       #...         73%         1    ##.....
 Sting                    Conj/Pois      #...         73%         1    ##.....
 Summon Butterflies       Summ           #.......     73%         1    ##.....
 Summon Small Mammal      Summ           #...         73%         1    ##.....
 Blink                    Tloc           N/A          86%         2    ###....
 Call Imp                 Summ           #.......     86%         2    ###....
 Ensorcelled Hibernation  Hex/Ice        #.....       86%         2    ###....
 Poisonous Vapours        Pois/Air       #.....       86%         2    ###....
 Searing Ray              Conj           #.....       86%         2    ###....
 Shroud of Golubria       Chrm/Tloc      #.....       86%         2    ###....
 Slow                     Hex            #.......     86%         2    ###....
 Swiftness                Chrm/Air       #.......     86%         2    ###....
 Throw Flame              Conj/Fire      #.....       86%         2    ###....
 Call Canine Familiar     Summ           #.......     97%         3    ####...
 Confuse                  Hex            #.......     97%         3    ####...
 Conjure Flame            Conj/Fire      #.......     97%         3    ####...
 Dazzling Spray           Conj/Hex       #.....       97%         3    ####...
 Gell's Gravitas          Tloc           #.........   97%         3    ####...
 Ignite Poison            Fire/Tmut/Pois #.......     97%         3    ####...
 Inner Flame              Hex/Fire       #.......     97%         3    ####...
 Lesser Beckoning         Tloc           #.........   97%         3    ####...
 Mephitic Cloud           Conj/Pois/Air  #.......     97%         3    ####...
 Portal Projectile        Hex/Tloc       #.....       97%         3    ####...
 Recall                   Summ/Tloc      N/A          97%         3    ####...
 Static Discharge         Conj/Air       #.......     97%         3    ####...
 Teleport Other           Tloc           #.......     97%         3    ####...
 Tukima's Dance           Hex            #.......     97%         3    ####...
 Airstrike                Air            #.........   100%        4    #####..
 Animate Dead             Necr           N/A          100%        4    #####..
 Cause Fear               Hex            #.........   100%        4    #####..
 Force Lance              Conj/Tloc      #.......     100%        4    #####..
 Fulminant Prism          Conj/Hex       #.........   100%        4    #####..
 Iskenderun's Mystic Bla  Conj           #.......     100%        4    #####..
 Leda's Liquefaction      Hex/Erth       #.........   100%        4    #####..
 Olgreb's Toxic Radiance  Pois           #.......     100%        4    #####..
 Passage of Golubria      Tloc           N/A          100%        4    #####..
 Petrify                  Tmut/Erth      #.......     100%        4    #####..
 Sticky Flame             Conj/Fire      #.......     100%        4    #####..
 Throw Icicle             Conj/Ice       #.......     100%        4    #####..
 Alistair's Intoxication  Tmut/Pois      #.......     100%        5    ######.
 Bolt of Magma            Conj/Fire/Erth #.........   100%        5    ######.
 Borgnjor's Vile Clutch   Necr/Erth      #.........   100%        5    ######.
 Fireball                 Conj/Fire      #.........   100%        5    ######.
 Lightning Bolt           Conj/Air       #.........   100%        5    ######.
 Metabolic Englaciation   Hex/Ice        #.........   100%        5    ######.
 Silence                  Hex/Air        #.........   100%        5    ######.
 Venom Bolt               Conj/Pois      #.........   100%        5    ######.
 Yara's Violent Unravell  Hex/Tmut       #.........   100%        5    ######.
 Bolt of Fire             Conj/Fire      #.........   100%        6    #######
 Death Channel            Necr           #.........   100%        6    #######
 Deflect Missiles         Chrm/Air       #.........   100%        6    #######
 Freezing Cloud           Conj/Ice/Air   #.........   100%        6    #######
 Invisibility             Hex            #.......     100%        6    #######
 Iron Shot                Conj/Erth      #.........   100%        6    #######
 Shadow Creatures         Summ           N/A          100%        6    #######
 Simulacrum               Ice/Necr       #.........   100%        6    #######
 Malign Gateway           Summ/Tloc      #.........   100%        7    #######
 Monstrous Menagerie      Summ           #.........   100%        7    #######
 Ring of Flames           Chrm/Fire      #.........   100%        7    #######
 Summon Greater Demon     Summ           #.........   100%        7    #######
 Discord                  Hex            #.........   100%        8    #######
 Ignition                 Fire           #.........   100%        8    #######
 Summon Horrible Things   Summ           #.........   100%        8    #######
 Dragon's Call            Summ           #.........   100%        9    #######
 Shatter                  Erth           #.........   100%        9    #######
 Statue Form              Tmut/Erth      Unusable     N/A         6    N/A

Dungeon Overview and Level Annotations

Branches:
Dungeon (15/15)            Temple (1/1) D:7            Lair (6/6) D:9
  Swamp (4/4) Lair:4       Spider (4/4) Lair:2        Slime (5/5) Lair:5
    Orc (2/2) D:11            Elf (3/3) Orc:2        Vaults (5/5) D:13
  Crypt (3/3) Vaults:3       Tomb (3/3) Crypt:3      Depths (5/5) D:15
    Zot: Depths:5

Altars:
Ashenzari
Dithmenos
Hepliaklqana
Kikubaaqudgha
Makhleb
Nemelex Xobeh
Qazlal
Sif Muna
Trog
Vehumet
Wu Jian
Xom
Yredelemnul
Zin
The Shining One
Beogh
Jiyva

Shops:
D:4 =   D:7 *   D:9 (   D:10 %   D:11 [[=**   D:12 *   Orc:2 =![[=   Elf:1 (![
Vaults:1 =   Vaults:3 [   Depths:1 ?!*   Depths:4 }

Portals:
Hell: Depths:1 Depths:2 Depths:3 Depths:4
Abyss: Depths:1 Depths:2 Depths:4
Pandemonium: Depths:3

Annotations:
D:14 2 runed translucent doors


Innate Abilities, Weirdness & Mutations

You are resistant to torment.
Your stone body is resilient. (AC +20)
You are immune to poison.
Your large and strong wings let you fly indefinitely.
You resist negative energy. (rN+)
You are resistant to electric shocks. (rElec)
You can survive without breathing.
You are immune to petrification.
You are immune to rotting.
You possess an exceptional clarity of mind.
You are clumsy. (Dex -2)
Your magical capacity is very low. (-20% MP)
You are robust. (+10% HP)
You occasionally shout uncontrollably at your foes.


Message History

There is a stone staircase leading down here.
You hit the azure jelly.
The azure jelly is lightly wounded.
You block the azure jelly's attack. x2
The azure jelly hits you but does no damage.
You block the azure jelly's attack. You block the death ooze's attack.
The death ooze hits you.
* * * LOW HITPOINT WARNING * * *
The azure jelly hits you but does no damage.
You block the azure jelly's attack.
The azure jelly hits you but does no damage. x2
You hit the azure jelly.
The azure jelly is lightly wounded.
You block the azure jelly's attack. x2; The azure jelly barely misses you.
The azure jelly closely misses you. The death ooze hits you!
* * * LOW HITPOINT WARNING * * *
The death ooze barely misses you. The azure jelly hits you.
* * * LOW HITPOINT WARNING * * *
The azure jelly freezes you! You resist.
You die...

### ##
#######.#########
#.###...##..J#.#....#.
...........@J.........
............J.........
......................
..................#...
......................
..........#..........#
....................##
............<.........
......................


You could see 2 azure jellies and a death ooze.

Vanquished Creatures
  the Royal Jelly (Slime:5)
  3 ancient liches
  Khufu (Crypt:1)
  The ghost of Name63 the Peltast, a legendary GnWz of Cheibriados (Depths:4)
  2 juggernauts
  25 greater mummies
  Boris (Tomb:1)
  Bai Suzhen (Vaults:4)
  3 caustic shrikes (Depths:5)
  Arachne (Spider:2)
  The ghost of Jetyrhek the Devastator, a veteran GrEE of Lugonu (Crypt:1)
  2 golden dragons
  A bone dragon (Abyss:5)
  A Hell Sentinel (Depths:4)
  The ghost of spacerossing the Executioner, an adept FoFi of Okawaru (Swamp:3)
  8 tentacled monstrosities
  5 liches
  3 deep elf blademasters
  4 titans
  20 acid blobs
  2 deep elf master archers (Elf:3)
  3 tentacled starspawn
  11 ancient champions
  Agnes (Elf:1)
  2 shadow dragons (Vaults:5)
  12 sphinxes
  Kirke (D:15)
  4 thorn hunters
  The ghost of spacerossing the Severer, an adept VSFi of Okawaru (Swamp:3)
  11 azure jellies
  4 revenants
  8 tengu reavers
  6 storm dragons
  4 frost giants
  3 fire giants
  2 cacodemons
  8 vault wardens
  A balrug (Depths:4)
  5 deep elf sorcerers
  4 ghost moths (Spider:4)
  An iron dragon (Depths:4)
  An angel (Abyss:5)
  The ghost of Cuth the Cleaver, a journeyman DDFi of Makhleb (Spider:1)
  2 orc warlords
  Louise (D:15)
  2 curse skulls
  An emperor scorpion (Spider:4)
  2 ghouls (Crypt:3)
  14 ironheart preservers
  8 deep elf elementalists
  14 stone giants
  2 entropy weavers
  2 reapers
  21 very ugly things
  2 ophanim (Abyss:5)
  A juggernaut skeleton (Crypt:1)
  Nessos (D:15)
  8 vampire knights
  6 spriggan defenders
  4 bennus
  3 caustic shrike skeletons
  The ghost of Qiomog the Peltast, a journeyman MiFi of Makhleb (D:15)
  8 deep elf demonologists
  A white draconian (Abyss:5)
  2 lorocyprocas
  2 spark wasps (Spider:4)
  The ghost of Doot the Eclecticist, a journeyman DEVM of Kikubaaqudgha (Lair:6)
  13 deep elf annihilators
  4 eidola
  17 mummy priests
  2 green deaths (Depths:4)
  A crystal guardian (Abyss:4)
  8 deep elf death magi
  4 death oozes
  14 jiangshi
  17 ettins
  6 deep elf high priests
  9 yaktaur captains
  12 great orbs of eyes
  8 fire dragons
  8 ice dragons
  25 vault guards
  Erolcha (D:12)
  4 rakshasas
  10 hydras
  3 spriggan air magi (Depths:5)
  A catoblepas (D:14)
  A ghost crab (Swamp:3)
  3 shambling mangroves
  15 centaur warriors
  5 death knights
  2 deep troll earth magi
  17 ogre magi
  62 death scarabs
  30 dancing weapons
  15 alligators
  59 two-headed ogres
  6 death yaks (Lair:5)
  2 deep troll shamans
  5 spriggan berserkers
  20 thrashing horrors
  3 hell hogs (Abyss:5)
  21 hell knights
  Urug (Lair:4)
  6 tengu warriors
  13 vampire magi
  Nergalle (D:12)
  3 sun demons
  2 orc high priests (Elf:1)
  A soul eater (Depths:2)
  A spectral spriggan (D:15)
  25 deep elf knights
  5 wretched stars
  2 fire crabs (shapeshifter)
  A fire crab (Lair:6)
  5 shadow wraiths
  A spark wasp zombie (D:15)
  14 deep trolls
  2 cherubim (Abyss:5)
  25 skeletal warriors
  2 golden dragon zombies
  4 sixfirhies
  An anaconda zombie (Tomb:2)
  2 spatial maelstroms
  6 unseen horrors
  10 flayed ghosts
  A deep troll (shapeshifter) (Elf:3)
  2 iron trolls
  3 glowing orange brains
  5 swamp dragons
  10 phantasmal warriors
  A spriggan druid (Swamp:2)
  A harpy (Vaults:3)
  14 ironbrand convokers
  20 deep elf archers
  A mana viper (Abyss:3)
  17 orc knights
  A lindwurm (Lair:6)
  32 wolf spiders
  3 wizards
  3 manticores
  5 necromancers
  78 deep elf magi
  13 orb spiders
  3 orc sorcerers
  A harpy (shapeshifter) (Vaults:4)
  53 ugly things
  An iron dragon zombie (D:15)
  7 cyclopes
  A fire giant zombie (Tomb:1)
  A shining eye (shapeshifter) (Depths:3)
  8 oklob plants
  A stone giant zombie (Crypt:3)
  A salamander (Depths:2)
  A cyclops (shapeshifter) (Depths:2)
  Maurice (Orc:2)
  A frost giant zombie (D:15)
  A salamander (shapeshifter) (Vaults:3)
  A worldbinder (Abyss:3)
  2 stone giant skeletons
  A moth of wrath (Spider:3)
  A dire elephant zombie (Tomb:1)
  6 smoke demons
  2 apocalypse crabs (Abyss:5)
  7 black mambas
  2 orange demons
  A fire giant skeleton (Crypt:1)
  15 vault sentinels
  2 eyes of devastation (Slime:5)
  9 torpor snails
  8 centaur skeletons
  6 gargoyles
  16 spiny frogs
  A spiny frog (shapeshifter) (Vaults:2)
  A yellow draconian zombie (Crypt:3)
  A green draconian zombie (Crypt:3)
  2 yaktaurs (shapeshifter)
  A rime drake (Lair:6)
  2 tormentors (Abyss:5)
  2 emperor scorpion zombies
  A hellion (Abyss:5)
  9 komodo dragons
  2 kobold demonologists
  A sea snake zombie (Crypt:2)
  A hydra zombie (Tomb:3)
  12 freezing wraiths
  5 hellwings
  49 yaktaurs
  A spectral glowing shapeshifter (D:15)
  A queen bee (D:8)
  9 demonic crawlers
  2 ice devils (Depths:4)
  A queen bee (shapeshifter) (Depths:3)
  4 red devils
  17 trolls
  A spectral tengu (D:15)
  4 ancient zymes
  35 guardian mummies
  3 meliai (D:13)
  5 tengu conjurers
  11 tyrant leeches
  A wind drake (shapeshifter) (Depths:1)
  A green draconian skeleton (Crypt:3)
  A harpy skeleton (D:14)
  Prince Ribbit (D:7)
  9 bog bodies
  24 jumping spiders
  7 raiju
  36 blink frogs
  32 hornets
  103 slime creatures
  5 dream sheep (Lair:5)
  A spriggan zombie (D:15)
  2 dream sheep (shapeshifter)
  A fire giant simulacrum (Vaults:1)
  A meliai zombie (D:13)
  6 hippogriffs
  An air elemental (Elf:2)
  26 flying skulls
  2 ice dragon skeletons
  A spriggan (shapeshifter) (Vaults:1)
  9 spriggans
  4 shadows
  A tarantella (shapeshifter) (D:15)
  3 centaur simulacra
  A water elemental (Elf:1)
  2 ettin skeletons
  A spriggan skeleton (D:15)
  A wyvern (shapeshifter) (Depths:4)
  16 starcursed masses
  36 yaks
  A human (shapeshifter) (Vaults:5)
  62 redbacks
  15 ushabtiu
  26 tarantellas
  5 wraiths
  4 vampires
  2 wyverns
  2 yaks (shapeshifter)
  6 small abominations
  2 basilisks
  3 ynoxinuls
  10 golden eyes
  3 fire elementals
  8 neqoxecs
  Eustachio (D:6)
  12 vampire mosquitoes
  9 chaos spawn
  2 steam dragons
  7 hungry ghosts
  3 swamp worm simulacra (Swamp:4)
  27 large abominations
  A spatial vortex (Abyss:5)
  Menkaure (D:6)
  A soldier ant (D:10)
  19 swamp worms
  6 acid dragons
  2 soldier ants (shapeshifter)
  A merfolk zombie (Crypt:1)
  7 wargs
  15 hydra simulacra
  8 water moccasins
  5 porcupines
  34 orc warriors
  4 phantoms
  8 swamp drakes
  8 ice beasts
  5 sky beasts
  2 snapping turtle zombies
  8 eyes of draining
  An ice beast (shapeshifter) (Vaults:5)
  A black bear (shapeshifter) (Vaults:4)
  A spriggan simulacrum (D:15)
  2 fire dragon simulacra
  61 ogres
  9 centaurs
  11 boggarts
  A hog zombie (Crypt:3)
  9 wolves
  A snapping turtle skeleton (Crypt:2)
  2 dream sheep skeletons (Crypt:2)
  13 crocodiles
  An elf zombie (Crypt:1)
  5 big kobolds
  20 bullfrogs
  An octopode zombie (Crypt:2)
  6 earth elementals
  2 wyvern zombies
  2 gnoll sergeants
  A glowing shapeshifter simulacrum (D:15)
  A cyclops skeleton (Crypt:3)
  A water moccasin zombie (D:9)
  4 scorpions
  A human simulacrum (Vaults:3)
  26 killer bees
  33 wights
  7 electric eels
  A wolf zombie (Crypt:1)
  5 howler monkeys
  A bullfrog zombie (Crypt:2)
  7 crimson imps
  A quasit (D:4)
  A basilisk zombie (Crypt:2)
  3 centaur zombies
  A bullfrog skeleton (D:4)
  7 jellies
  22 orc priests
  5 hounds
  9 iguanas
  26 orc wizards
  A basilisk skeleton (Crypt:2)
  10 worker ants
  A porcupine skeleton (Crypt:1)
  A killer bee zombie (D:10)
  A naga zombie (Tomb:3)
  A naga skeleton (Crypt:3)
  A hound zombie (D:7)
  53 mummies
  2 worker ant zombies
  A howler monkey skeleton (Crypt:3)
  10 adders
  22 gnolls
  A white imp (Abyss:3)
  An ufetubus (Vaults:3)
  5 swamp drake simulacra (Swamp:4)
  A lava snake zombie (Crypt:3)
  An adder skeleton (D:4)
  A worm (D:2)
  5 dart slugs
  An iguana skeleton (Crypt:1)
  5 leopard geckos
  117 orcs
  8 giant cockroaches
  13 goblins
  10 hobgoblins
  9 jackals
  21 kobolds
  5 quokkas
  8 bats
  3 frilled lizards
  A jackal skeleton (D:4)
  A kobold skeleton (Crypt:1)
  2 leopard gecko skeletons
  9 rats
  A briar patch (Swamp:2)
  A butterfly (Lair:4)
  A fungus (Lair:4)
  A lurking horror (Abyss:3)
  4 plants
2742 creatures vanquished.

Vanquished Creatures (collateral kills)
  An ancient lich (Tomb:3)
  5 greater mummies
  the Enchantress (Depths:5)
  7 acid blobs
  An ancient champion (Tomb:2)
  A revenant (Tomb:2)
  2 storm dragons (Vaults:5)
  A tengu reaver (Vaults:5)
  3 fire giants
  A frost giant (Depths:5)
  An iron dragon (Vaults:5)
  An ironheart preserver (Vaults:5)
  2 stone giants (Vaults:5)
  A very ugly thing (Vaults:5)
  2 bennus
  8 mummy priests
  2 great orbs of eyes (Slime:5)
  A death ooze (Slime:5)
  6 vault guards (Vaults:5)
  A yaktaur captain (Vaults:5)
  2 ogre magi (Vaults:5)
  31 death scarabs
  A two-headed ogre (Vaults:5)
  2 skeletal warriors (Tomb:2)
  A death drake (shapeshifter) (Vaults:5)
  3 deep elf archers (Vaults:5)
  A shining eye (Slime:3)
  An iron dragon skeleton (Tomb:2)
  A cyclops (shapeshifter) (Vaults:5)
  A deep elf mage (Vaults:5)
  A yaktaur (Vaults:5)
  16 guardian mummies
  A hornet (Vaults:5)
  10 slime creatures
  A polar bear (shapeshifter) (Vaults:5)
  A spriggan (Depths:5)
  8 flying skulls
  6 ushabtiu
  A golden eye (shapeshifter) (Vaults:5)
  A golden eye (Slime:5)
  An ogre (Vaults:5)
  7 mummies
  An orc (Vaults:5)
147 creatures vanquished.

Vanquished Creatures (others)
  An eldritch tentacle (Tomb:3)
  A fire giant (Depths:3)
  A deep elf elementalist (Elf:3)
  An ogre mage (Vaults:4)
  A rakshasa (Depths:2)
  An ice dragon (Swamp:4)
  A spriggan druid (Swamp:4)
  A swamp dragon (Swamp:4)
  An orb spider (Spider:1)
  4 deep elf magi
  A naga mage (Abyss:4)
  A hellion (Abyss:4)
  A freezing wraith (D:15)
  An anaconda simulacrum (Abyss:4)
  A hornet (Lair:6)
  A redback (Spider:4)
  4 humans (D:15)
  A chaos spawn (Abyss:4)
  A naga (Abyss:4)
  A neqoxec (Abyss:4)
  A large abomination (Abyss:4)
  A swamp drake (Swamp:4)
  An orc (Vaults:5)
  13 briar patches (Swamp:4)
  A bush (Lair:5)
  36 fungi
  2 lurking horrors
  37 plants
  28 starspawn tentacles
  6 withered plants
152 creatures vanquished.

Grand Total: 3041 creatures vanquished

Notes
Turn   | Place    | Note
-------+----------+-------------------------------------------
     0 | D:1      | Sverke the Gargoyle Fighter began the quest for the Orb.
     0 | D:1      | Reached XP level 1. HP: 14/14 MP: 1/1
   145 | D:1      | Reached XP level 2. HP: 16/19 MP: 2/2
   617 | D:1      | Reached XP level 3. HP: 22/23 MP: 3/3
  1294 | D:2      | Reached XP level 4. HP: 29/29 MP: 4/4
  1312 | D:2      | Reached skill level 4 in Shields
  2071 | D:3      | Reached XP level 5. HP: 31/33 MP: 5/5
  2573 | D:3      | Noticed a two-headed ogre
  2697 | D:4      | Noticed an ogre
  2723 | D:4      | Killed an ogre
  2723 | D:4      | Reached XP level 6. HP: 35/38 MP: 6/6
  2736 | D:4      | Reached skill level 5 in Shields
  3159 | D:4      | Reached skill level 5 in Maces & Flails
  3159 | D:4      | Reached XP level 7. HP: 43/43 MP: 7/7
  3281 | D:4      | Found Cawkesoe's Jewellery Boutique.
  3615 | D:5      | Entered Level 5 of the Dungeon
  4373 | D:6      | Noticed Eustachio
  4418 | D:6      | Killed Eustachio
  4418 | D:6      | Reached skill level 6 in Shields
  4434 | D:6      | Reached skill level 5 in Armour
  4559 | D:6      | Noticed Menkaure
  4652 | D:5      | Reached XP level 8. HP: 31/48 MP: 8/8
  5056 | D:6      | Killed Menkaure
  5056 | D:6      | Reached skill level 7 in Shields
  5136 | D:6      | Reached skill level 5 in Fighting
  5804 | D:7      | Found a staircase to the Ecumenical Temple.
  5828 | Temple   | Entered the Ecumenical Temple
  5838 | Temple   | Became a worshipper of the Shining One
  5883 | D:7      | Reached XP level 9. HP: 36/54 MP: 9/9
  6418 | D:7      | Got a twisted falchion
  6430 | D:7      | Reached skill level 8 in Shields
  6432 | D:7      | Identified the +4 falchion "Ciraaschiuc" {elec, rN+} (You
                  | found it on level 7 of the Dungeon)
  6571 | D:7      | Found Jesiepn's Elemental Accessories.
  6846 | D:8      | Noticed Prince Ribbit
  7252 | D:7      | Killed Prince Ribbit
  7286 | D:8      | Reached * piety under the Shining One
  7312 | D:8      | Reached XP level 10. HP: 54/60 MP: 10/10
  7357 | D:8      | Reached skill level 9 in Shields
  7808 | D:8      | Found a burning altar of Makhleb.
  7903 | D:8      | Found a burning altar of Makhleb.
  8002 | D:9      | Reached skill level 10 in Maces & Flails
  8015 | D:9      | Reached ** piety under the Shining One
  8112 | D:9      | Found a staircase to the Lair.
  8134 | D:9      | Reached skill level 10 in Shields
  8256 | D:9      | Reached XP level 11. HP: 67/67 MP: 11/11
  8326 | D:9      | Got a spiked leather armour
  8341 | D:9      | Identified the +1 leather armour of Resonance {+Fly} (You
                  | found it on level 9 of the Dungeon)
  8597 | D:9      | Found Jyavento's Weapon Boutique.
  8961 | Lair:1   | Entered Level 1 of the Lair of Beasts
  9382 | Lair:1   | Reached *** piety under the Shining One
  9726 | Lair:1   | Noticed a six-headed hydra
  9737 | Lair:1   | HP: 3/68 [six-headed hydra (6)]
  9738 | Lair:1   | Killed a six-headed hydra
  9738 | Lair:1   | Reached skill level 11 in Shields
 10605 | Lair:2   | Identified Fesu Vou's Incunabulum of Enthralling Companions
 10887 | Lair:2   | Found a hole to the Spider Nest.
 11140 | Lair:3   | Reached XP level 12. HP: 59/75 MP: 12/12
 11145 | Lair:3   | Noticed an eight-headed hydra
 11722 | Lair:3   | Killed an eight-headed hydra
 12114 | Lair:3   | Reached skill level 1 in Invocations
 12692 | Lair:4   | Got a wavering lapis lazuli ring
 12694 | Lair:4   | Identified the ring "Fonuobyu" {Slay+5 SInv Stlth+} (You
                  | found it on level 4 of the Lair of Beasts)
 12763 | Lair:4   | Reached skill level 12 in Shields
 12966 | Lair:4   | Found a staircase to the Swamp.
 13047 | Lair:4   | Reached **** piety under the Shining One
 13233 | Lair:4   | Noticed Urug
 13242 | Lair:4   | Killed Urug
 13242 | Lair:4   | Reached skill level 10 in Armour
 13441 | Lair:5   | Noticed a death yak
 13443 | Lair:5   | Reached skill level 10 in Fighting
 13443 | Lair:5   | Reached XP level 13. HP: 72/82 MP: 13/13
 14067 | Lair:5   | Found a viscous altar of Jiyva.
 14068 | Lair:5   | Found a staircase to the Slime Pits.
 14454 | Lair:6   | Entered Level 6 of the Lair of Beasts
 14658 | Lair:6   | Reached skill level 13 in Shields
 14971 | Lair:6   | Found a runed translucent door.
 14992 | Lair:6   | Noticed Doot's ghost (journeyman DEVM)
 15606 | Lair:6   | Found a runed translucent door.
 15607 | Lair:6   | Noticed a fire dragon
 15782 | Lair:6   | Gained mutation: Your large and strong wings let you fly
                  | indefinitely. [Gargoyle growth]
 15782 | Lair:6   | Reached XP level 14. HP: 52/90 MP: 14/14
 16398 | Lair:6   | Reached skill level 14 in Shields
 17354 | Lair:6   | Killed Doot's ghost
 17821 | D:10     | Entered Level 10 of the Dungeon
 18239 | D:10     | Reached ***** piety under the Shining One
 18258 | D:10     | Found Umupsaut's Food Shoppe.
 18458 | D:10     | Got a warped golden amulet
 18693 | D:10     | Got a shimmering leather armour
 18704 | D:10     | Identified the +0 leather armour of Surprise {*Slow rC+
                  | MP+9 Dex+3} (You found it on level 10 of the Dungeon)
 18746 | D:10     | Identified the amulet of Roilinuw {Faith rC+} (You found it
                  | on level 10 of the Dungeon)
 18890 | D:11     | Reached skill level 15 in Shields
 19136 | D:11     | Found Fompoen's Jewellery Boutique.
 19145 | D:11     | Found Atsifuum's Armour Boutique.
 19298 | D:11     | Found Voevugase's Antique Armour Shop.
 19307 | D:11     | Bought a smoking shield for 256 gold pieces
 19319 | D:11     | Identified the +0 shield of Azximim {Str+2 Int+5} (You
                  | bought it in a shop on level 11 of the Dungeon)
 19362 | D:11     | Found a staircase to the Orcish Mines.
 19491 | D:11     | Found Gixugyel's Assorted Antiques.
 19645 | D:11     | Found Ijuum's Assorted Antiques.
 19813 | Orc:1    | Entered Level 1 of the Orcish Mines
 20199 | Orc:2    | Entered Level 2 of the Orcish Mines
 20209 | Orc:2    | Noticed Maurice
 20229 | Orc:2    | Killed Maurice
 20237 | Orc:2    | Found a staircase to the Elven Halls.
 20359 | Orc:2    | Found a roughly hewn altar of Beogh.
 20759 | Orc:2    | Found Hafuick's Jewellery Shoppe.
 21165 | Orc:2    | Reached skill level 16 in Shields
 21182 | Orc:2    | Reached XP level 15. HP: 96/96 MP: 15/15
 21184 | Orc:2    | Reached skill level 15 in Maces & Flails
 21288 | Orc:2    | Found Hewa's Distillery.
 21298 | Orc:2    | Found Ysso Gefo's Antique Armour Shoppe.
 21365 | Orc:2    | Found Zigogapi's Armour Shop.
 21376 | Orc:2    | Found Nuulamm's Jewellery Emporium.
 21666 | Orc:2    | Bought the ring "Joussol" {rF++ Int+3 Dex+6} for 633 gold
                  | pieces
 21729 | D:12     | Reached ****** piety under the Shining One
 21905 | D:12     | Found Kunent's Assorted Antiques.
 21923 | D:12     | Bought a scorched plate armour for 812 gold pieces
 21934 | D:12     | Identified the +1 plate armour of the Gastropod {rN+ Int+3}
                  | (You bought it in a shop on level 12 of the Dungeon)
 21973 | D:12     | Noticed Nergalle
 21986 | D:12     | Killed Nergalle
 22248 | D:12     | Noticed Erolcha
 22255 | D:12     | Killed Erolcha
 22676 | D:12     | Identified a scroll of acquirement
 23015 | Lair:1   | Gained mutation: You are clumsy. (Dex -2) [potion of
                  | mutation]
 23015 | Lair:1   | Gained mutation: You have an increased reservoir of magic.
                  | (+10% MP) [potion of mutation]
 23015 | Lair:1   | Gained mutation: You are partially covered in molten
                  | scales. (AC +2) [potion of mutation]
 23016 | Lair:1   | Lost mutation: You are partially covered in molten scales.
                  | (AC +2) [potion of mutation]
 23016 | Lair:1   | Lost mutation: You have an increased reservoir of magic.
                  | (+10% MP) [potion of mutation]
 23016 | Lair:1   | Lost mutation: You are clumsy. (Dex -2) [potion of
                  | mutation]
 23016 | Lair:1   | Gained mutation: You tend to lose your temper in combat.
                  | [potion of mutation]
 23016 | Lair:1   | Gained mutation: Your mind is acute. (Int +2) [potion of
                  | mutation]
 23074 | Swamp:1  | Entered Level 1 of the Swamp
 23120 | Swamp:1  | Reached skill level 17 in Shields
 24295 | Swamp:2  | Noticed a thorn hunter
 24315 | Swamp:2  | HP: 4/97 [thorn hunter/volley of thorns (28)]
 24319 | Swamp:2  | Killed a thorn hunter
 24652 | Swamp:2  | Noticed a thorn hunter
 24673 | Swamp:2  | Killed a thorn hunter
 25321 | Swamp:2  | Reached skill level 18 in Shields
 25414 | Swamp:2  | Reached XP level 16. HP: 98/103 MP: 17/17
 26397 | Swamp:3  | Got a jewelled whip
 26451 | Swamp:3  | Identified the +1 whip of Turmoil {slash, rF+++ rN++ Str-2}
                  | (You found it on level 3 of the Swamp)
 27036 | Swamp:3  | Found a runed translucent gate.
 27036 | Swamp:3  | Found a runed translucent gate.
 27036 | Swamp:3  | Found a runed translucent gate.
 27037 | Swamp:3  | Noticed spacerossing's ghost (adept VSFi)
 27038 | Swamp:3  | Noticed spacerossing's ghost (adept FoFi)
 27176 | Swamp:3  | Killed spacerossing's ghost
 27184 | Swamp:3  | Killed spacerossing's ghost
 27199 | Swamp:3  | Got a pair of heavily runed gloves
 27211 | Swamp:3  | Identified the cursed -6 pair of gloves "Buller" {Int+2}
                  | (You found it on level 3 of the Swamp)
 27287 | Swamp:4  | Entered Level 4 of the Swamp
 27287 | Swamp:4  | Noticed a thorn hunter
 27344 | Swamp:4  | Killed a thorn hunter
 27516 | Swamp:4  | Noticed a thorn hunter
 27540 | Swamp:4  | Killed a thorn hunter
 27961 | Swamp:4  | Reached skill level 19 in Shields
 28998 | Swamp:4  | Noticed an azure jelly
 29006 | Swamp:4  | Killed an azure jelly
 29077 | Swamp:4  | Got a decaying rune of Zot
 30601 | D:13     | Found a stormy altar of Qazlal.
 30959 | D:13     | Found a gate to the Vaults.
 31148 | D:14     | Found a runed translucent door.
 31148 | D:14     | Noticed a tengu reaver
 31149 | D:14     | Found a runed translucent door.
 31151 | D:14     | Found a runed translucent door.
 31227 | D:14     | Identified the ring "Zeorutio" {rC+ Dex+3 SInv}
 31238 | D:14     | Reached XP level 17. HP: 108/109 MP: 18/18
 31270 | D:14     | Reached skill level 20 in Shields
 31315 | D:14     | Identified the amulet "Vuvasin" {Spirit rF+ Int+3 Dex+4}
 31325 | D:14     | You are sucked into a shaft and drop 1 floor!
 31325 | D:15     | Entered Level 15 of the Dungeon
 31473 | D:15     | Noticed Kirke
 31490 | D:15     | Killed Kirke
 31560 | D:15     | Found a staircase to the Depths.
 31783 | D:14     | Found a glowing silver altar of Zin.
 31911 | D:14     | Got a heavily runed brass ring
 31913 | D:14     | Identified the cursed ring "Bunefy Meaqe" {MR+ Int+3 Dex+2
                  | Slay-3} (You found it on level 14 of the Dungeon)
 31927 | D:14     | Got a brightly glowing bone ring
 32499 | D:14     | Identified the ring "Reamazxo" {*Slow Str+5 Dex+4 Stlth-}
                  | (You found it on level 14 of the Dungeon)
 32684 | Lair:1   | Lost mutation: You tend to lose your temper in combat.
                  | [potion of mutation]
 32684 | Lair:1   | Lost mutation: Your mind is acute. (Int +2) [potion of
                  | mutation]
 32684 | Lair:1   | Gained mutation: Armour fits poorly on your strangely
                  | shaped body. [potion of mutation]
 32684 | Lair:1   | Gained mutation: You evolve. [potion of mutation]
 32686 | Lair:1   | Lost mutation: You evolve. [potion of mutation]
 32686 | Lair:1   | Lost mutation: Armour fits poorly on your strangely shaped
                  | body. [potion of mutation]
 32686 | Lair:1   | Gained mutation: You have an increased reservoir of magic.
                  | (+10% MP) [potion of mutation]
 32686 | Lair:1   | Gained mutation: You have supernaturally acute eyesight.
                  | (SInv) [potion of mutation]
 32686 | Lair:1   | Gained mutation: Your muscles are strong. (Str +2) [potion
                  | of mutation]
 32957 | D:15     | Reached skill level 21 in Shields
 32985 | D:15     | Noticed Nessos
 32990 | D:15     | Noticed Louise
 33006 | D:15     | Cast into level 2 of the Abyss (Louise)
 33023 | D:15     | Escaped the Abyss
 33036 | D:15     | Killed Nessos
 33055 | D:15     | Killed Louise
 33417 | D:15     | Found a runed translucent gate.
 33417 | D:15     | Found a runed translucent gate.
 33417 | D:15     | Found a runed translucent gate.
 33419 | D:15     | Noticed Qiomog's ghost (journeyman MiFi)
 33457 | D:15     | Killed Qiomog's ghost
 33900 | Elf:1    | Entered Level 1 of the Elven Halls
 34063 | Elf:1    | Reached XP level 18. HP: 112/116 MP: 21/21
 34066 | Elf:1    | Noticed Agnes
 34073 | Elf:1    | Found Neteil's Distillery.
 34216 | Elf:1    | Found Paewamo's Antique Armour Emporium.
 34576 | Elf:1    | Gained mutation: Your body sometimes deteriorates upon
                  | taking damage. [a neqoxec]
 34919 | Spider:1 | Entered Level 1 of the Spider Nest
 35000 | Spider:1 | Found a runed translucent door.
 35025 | Spider:1 | Noticed Cuth's ghost (journeyman DDFi)
 35182 | Spider:1 | Killed Cuth's ghost
 35654 | Spider:2 | Reached skill level 22 in Shields
 36557 | Spider:3 | Noticed Arachne
 37225 | Spider:2 | Killed Arachne
 38232 | Spider:4 | Entered Level 4 of the Spider Nest
 39125 | Spider:4 | Reached XP level 19. HP: 81/123 MP: 0/22
 39618 | Spider:4 | Reached skill level 23 in Shields
 39969 | Spider:4 | Got a gossamer rune of Zot
 40254 | Vaults:1 | Entered Level 1 of the Vaults
 40394 | Vaults:1 | Reached skill level 15 in Fighting
 40918 | Vaults:1 | Found Efe Kaga's Jewellery Shop.
 42735 | Vaults:2 | Found a portal to a secret trove of treasure.
 42914 | Vaults:2 | Reached skill level 24 in Shields
 43005 | Vaults:2 | HP: 5/124 [fire giant/bolt of fire (14)]
 43663 | Vaults:2 | Reached XP level 20. HP: 109/130 MP: 24/24
 44453 | Elf:1    | Found a radiant altar of Vehumet.
 44644 | Elf:1    | Killed Agnes
 45084 | Elf:1    | Found Bumets's Weapon Boutique.
 47132 | Elf:2    | Reached skill level 25 in Shields
 47680 | Elf:2    | Found a huge runed translucent gate.
 47680 | Elf:2    | Found a huge runed translucent gate.
 47680 | Elf:2    | Found a huge runed translucent gate.
 47680 | Elf:2    | Found a huge runed translucent gate.
 47684 | Elf:2    | Found a huge runed translucent gate.
 48701 | Elf:3    | Entered Level 3 of the Elven Halls
 51063 | Elf:3    | Reached XP level 21. HP: 129/136 MP: 25/25
 51530 | D:11     | Bought the +10 morningstar "Eos" {elec, Halo rElec} for
                  | 2368 gold pieces
 51530 | D:11     | Found the +10 morningstar "Eos" {elec, Halo rElec}
 52010 | Vaults:2 | You paid a toll of the morningstar "Eos" to enter a
                  | treasure trove
 52011 | Trove    | Entered a treasure trove
 52043 | Trove    | Got a scorched shield
 52045 | Trove    | Got a steaming iron ring
 52088 | Vaults:2 | Identified the +0 shield of the Slorg {Str+6} (You found it
                  | in a treasure trove)
 52131 | Vaults:2 | Identified the ring "Egelintuffo" {MP+9 Int+3 Slay+3} (You
                  | found it in a treasure trove)
 52787 | Elf:3    | Cast into level 3 of the Abyss (a deep elf demonologist)
 53268 | Abyss:3  | Gained mutation: You tend to lose your temper in combat. [a
                  | neqoxec]
 53269 | Abyss:3  | Lost mutation: You have supernaturally acute eyesight.
                  | (SInv) [a neqoxec]
 53547 | Abyss:4  | Gained mutation: You are clumsy. (Dex -2) [a neqoxec]
 53551 | Abyss:4  | Gained mutation: You are often teleported next to monsters.
                  | [a neqoxec]
 53600 | Abyss:4  | Reached skill level 26 in Shields
 53664 | Abyss:4  | Gained mutation: Scrolls take you much longer to read. [a
                  | neqoxec]
 53748 | Abyss:4  | Paralysed by accursed screaming for 2 turns
 53808 | Abyss:4  | Found a corrupted altar of Lugonu.
 53899 | Abyss:5  | Entered Level 5 of the Abyss
 53956 | Abyss:5  | Gained mutation: Scrolls take you longer to read. [a
                  | cacodemon]
 54402 | Abyss:5  | Got a jewelled falchion
 54454 | Abyss:5  | Lost mutation: Your muscles are strong. (Str +2) [a
                  | neqoxec]
 54605 | Abyss:5  | Noticed a bone dragon
 54617 | Abyss:5  | Killed a bone dragon
 54670 | Abyss:5  | Lost mutation: You have an increased reservoir of magic.
                  | (+10% MP) [a neqoxec]
 54704 | Abyss:5  | Reached XP level 22. HP: 144/144 MP: 24/24
 54708 | Abyss:5  | Found a glowing golden altar of the Shining One.
 54755 | Abyss:5  | Found a glowing golden altar of the Shining One.
 54781 | Abyss:5  | Noticed a juggernaut
 54810 | Abyss:5  | Killed a juggernaut
 54814 | Abyss:5  | Got an abyssal rune of Zot
 54818 | Abyss:5  | Found a glowing golden altar of the Shining One.
 54820 | Elf:3    | Escaped the Abyss
 55070 | Elf:3    | Cast into level 2 of the Abyss (a deep elf demonologist)
 55070 | Abyss:2  | Found a transporter.
 55073 | Abyss:2  | Found a transporter.
 55074 | Abyss:2  | Found a corrupted altar of Lugonu.
 55115 | Elf:3    | Escaped the Abyss
 55140 | Elf:3    | Cast into level 3 of the Abyss (a deep elf demonologist)
 55255 | Elf:3    | Escaped the Abyss
 55679 | Lair:1   | Lost mutation: Your body sometimes deteriorates upon taking
                  | damage. [potion of mutation]
 55679 | Lair:1   | Lost mutation: You tend to lose your temper in combat.
                  | [potion of mutation]
 55679 | Lair:1   | Gained mutation: You have a pair of small horns on your
                  | head. [potion of mutation]
 56053 | Elf:3    | Got a crude pewter ring
 56057 | Elf:3    | Identified the Compendium of Conjuration
 56067 | Elf:3    | Got a translucent brass amulet
 56138 | Elf:3    | Identified the ring "Ejasu" {Fire Int+4} (You found it on
                  | level 3 of the Elven Halls)
 56140 | Elf:3    | Identified the amulet of Bag Mukk {Inacc rF+ MR+ SInv} (You
                  | found it on level 3 of the Elven Halls)
 56376 | Elf:3    | Identified the cursed +1 falchion of Yqouv {slice, Stlth+}
                  | (You found it on level 5 of the Abyss)
 57098 | Vaults:2 | Got a warped scale mail
 57236 | Vaults:2 | Reached skill level 27 in Shields
 57735 | Elf:1    | Bought a potion of mutation for 104 gold pieces
 57735 | Elf:1    | Lost mutation: You have a pair of small horns on your head.
                  | [potion of mutation]
 57735 | Elf:1    | Lost mutation: Scrolls take you longer to read. [potion of
                  | mutation]
 57735 | Elf:1    | Lost mutation: You are clumsy. (Dex -2) [potion of
                  | mutation]
 57735 | Elf:1    | Lost mutation: Scrolls take you a little longer to read.
                  | [potion of mutation]
 57735 | Elf:1    | Gained mutation: You are weak. (Str -2) [potion of
                  | mutation]
 57735 | Elf:1    | Gained mutation: You are resistant to hostile enchantments.
                  | (MR+) [potion of mutation]
 57746 | Elf:1    | Identified the +0 scale mail of Iwic {Str+8} (You found it
                  | on level 2 of the Vaults)
 57922 | Depths:1 | Entered Level 1 of the Depths
 57922 | Depths:1 | Found a one-way gate to the infinite horrors of the Abyss.
 57922 | Depths:1 | Found a gateway to Hell.
 58036 | Depths:1 | Reached skill level 15 in Armour
 58081 | Depths:1 | Found Noiqixig's Distillery.
 58092 | Depths:1 | Found Apuec Ycwomo's Magic Scroll Shop.
 58182 | Depths:1 | Found Heopliy's Changing Room.
 59374 | Depths:2 | Reached XP level 23. HP: 108/152 MP: 25/25
 59557 | Depths:2 | Found a shattered altar of Ashenzari.
 60713 | Depths:3 | Found a one-way gate leading to the halls of Pandemonium.
 61040 | Depths:3 | Identified a +6 sacred scourge of holy wrath (a +4 demon
                  | whip of flaming blessed by the Shining One)
 61040 | Depths:3 | Received a gift from the Shining One
 61548 | Depths:3 | Noticed a juggernaut
 61550 | Depths:3 | Identified the +8 war axe of Change {freeze, Int+3}
 61559 | Depths:3 | Killed a juggernaut
 61866 | Lair:1   | Got a polished hat
 61877 | Lair:1   | Identified the +0 hat of the Ninety-Nine Moons {Str+2} (You
                  | acquired it on level 1 of the Lair of Beasts)
 62178 | Vaults:3 | Found a staircase to the Crypt.
 62178 | Vaults:3 | Found an ancient bone altar of Kikubaaqudgha.
 62179 | Vaults:3 | Found a basalt altar of Yredelemnul.
 62906 | Vaults:3 | Reached skill level 5 in Invocations
 63333 | Vaults:3 | Found Onezo's Antique Armour Emporium.
 63353 | Vaults:3 | Reached XP level 24. HP: 161/161 MP: 26/26
 63370 | Vaults:3 | Bought a jasper-encrusted plate armour for 952 gold pieces
 63380 | Vaults:3 | Identified the +11 plate armour of the End {rPois rC+} (You
                  | bought it in a shop on level 3 of the Vaults)
 63833 | Vaults:4 | Paralysed by a sphinx for 2 turns
 64561 | Vaults:4 | Noticed Bai Suzhen
 64586 | Vaults:4 | Killed Bai Suzhen
 65009 | Crypt:1  | Entered Level 1 of the Crypt
 65023 | Crypt:1  | Noticed a greater mummy
 65025 | Crypt:1  | Noticed Khufu
 65075 | Crypt:1  | Killed Khufu
 65197 | Crypt:1  | Killed a greater mummy
 65506 | Crypt:1  | Found a transporter.
 65519 | Crypt:1  | Noticed Jetyrhek's ghost (veteran GrEE)
 65527 | Crypt:1  | Found a transporter.
 65603 | Crypt:1  | Killed Jetyrhek's ghost
 65637 | Crypt:1  | Got a steaming leather armour
 65643 | Crypt:1  | Got a pitted marble ring
 65664 | Crypt:1  | Identified the +1 leather armour of the Wasteland {*Corrode
                  | Dex+9 Stlth-} (You found it on level 1 of the Crypt)
 65665 | Crypt:1  | Identified the ring of Ola Sare {rElec rF+ Int+4 Dex+4
                  | SInv} (You found it on level 1 of the Crypt)
 66153 | Crypt:2  | Reached XP level 25. HP: 171/171 MP: 27/27
 66620 | Crypt:3  | Entered Level 3 of the Crypt
 66719 | Crypt:3  | Found an ancient bone altar of Kikubaaqudgha.
 66719 | Crypt:3  | Found a basalt altar of Yredelemnul.
 66719 | Crypt:3  | Noticed an ancient lich
 66719 | Crypt:3  | Noticed a greater mummy
 66726 | Crypt:3  | Paralysed by an ancient lich for 7 turns
 66737 | Crypt:3  | Killed an ancient lich
 66743 | Crypt:3  | Killed a greater mummy
 67317 | Crypt:3  | Got a faintly glowing lead amulet
 67514 | Crypt:3  | Found a staircase to the Tomb.
 67748 | Crypt:3  | Identified the amulet of Autotheism {RegenMP rC+ Str+3}
                  | (You found it on level 3 of the Crypt)
 67965 | Vaults:5 | Entered Level 5 of the Vaults
 68012 | Vaults:5 | Got a silver rune of Zot
 68069 | Vaults:5 | Noticed an ancient lich
 68290 | Vaults:5 | Noticed an ancient lich
 68302 | Vaults:5 | Killed an ancient lich
 68302 | Vaults:5 | Reached XP level 26. HP: 160/180 MP: 29/29
 68392 | Vaults:5 | Identified the +5 spear "Seukhlir" {drain, Dex+3 Stlth+}
 68393 | Vaults:5 | Identified the +6 hand crossbow "Nesethim" {velocity, rC+
                  | Int+6}
 68412 | Vaults:5 | Gained mutation: You are frail. (-10% HP) [a shining eye]
 68791 | Vaults:5 | Killed an ancient lich
 68895 | Vaults:5 | Identified the +8 morningstar of Toem {flame, +Rage rF+
                  | Stlth+}
 69250 | Vaults:5 | Identified the Disquisition on Blistering Calling
 70037 | Lair:1   | Lost mutation: You are weak. (Str -2) [potion of mutation]
 70037 | Lair:1   | Lost mutation: You are frail. (-10% HP) [potion of
                  | mutation]
 70037 | Lair:1   | Lost mutation: You are resistant to hostile enchantments.
                  | (MR+) [potion of mutation]
 70037 | Lair:1   | Lost mutation: You are occasionally teleported next to
                  | monsters. [potion of mutation]
 70037 | Lair:1   | Gained mutation: Scrolls take you a little longer to read.
                  | [potion of mutation]
 70037 | Lair:1   | Gained mutation: You have a pair of small horns on your
                  | head. [potion of mutation]
 70037 | Lair:1   | Gained mutation: You are partially covered in thin metallic
                  | scales. (AC +2) [potion of mutation]
 70038 | Lair:1   | Lost mutation: Scrolls take you a little longer to read.
                  | [potion of mutation]
 70038 | Lair:1   | Lost mutation: You have a pair of small horns on your head.
                  | [potion of mutation]
 70038 | Lair:1   | Gained mutation: You have sharp fingernails. [potion of
                  | mutation]
 70038 | Lair:1   | Gained mutation: Your magical capacity is low. (-10% MP)
                  | [potion of mutation]
 70038 | Lair:1   | Gained mutation: You possess an exceptional clarity of
                  | mind. [potion of mutation]
 70038 | Lair:1   | Gained mutation: You are robust. (+10% HP) [potion of
                  | mutation]
 70332 | Tomb:1   | Entered Level 1 of the Tomb of the Ancients
 70616 | Tomb:1   | Paralysed by a sphinx for 3 turns
 70848 | Tomb:1   | Noticed Boris
 70860 | Tomb:1   | Killed Boris
 70959 | Tomb:1   | Noticed a greater mummy
 70992 | Tomb:1   | Killed a greater mummy
 71077 | Tomb:1   | Reached XP level 27. HP: 176/206 MP: 26/26
 71145 | Tomb:2   | Noticed a greater mummy
 71145 | Tomb:2   | Noticed a greater mummy
 71146 | Tomb:2   | Noticed a greater mummy
 71153 | Tomb:2   | Noticed a greater mummy
 71244 | Tomb:2   | Killed a greater mummy
 71255 | Tomb:2   | Killed a greater mummy
 71255 | Tomb:2   | Reached skill level 10 in Invocations
 71258 | Tomb:2   | Killed a greater mummy
 71300 | Tomb:2   | Killed a greater mummy
 71729 | Tomb:1   | Lost mutation: You are partially covered in thin metallic
                  | scales. (AC +2) [a Zot trap]
 71751 | Tomb:1   | Got a heavily runed golden ring
 71752 | Tomb:1   | Identified the ring of Paoxesos {Wiz Int+4} (You found it
                  | on level 1 of the Tomb of the Ancients)
 72011 | Tomb:1   | Noticed a greater mummy
 72011 | Tomb:1   | Noticed a greater mummy
 72011 | Tomb:1   | Noticed a greater mummy
 72021 | Tomb:1   | Killed a greater mummy
 72027 | Tomb:1   | Killed a greater mummy
 72033 | Tomb:1   | Killed a greater mummy
 72162 | Tomb:1   | Noticed a greater mummy
 72169 | Tomb:1   | Killed a greater mummy
 72184 | Tomb:1   | Noticed a greater mummy
 72202 | Tomb:1   | Killed a greater mummy
 72204 | Tomb:1   | Noticed a greater mummy
 72219 | Tomb:1   | Killed a greater mummy
 72315 | Tomb:1   | Noticed a greater mummy
 72324 | Tomb:1   | Killed a greater mummy
 72354 | Tomb:1   | Noticed a greater mummy
 72365 | Tomb:1   | Killed a greater mummy
 72452 | Tomb:1   | Noticed a greater mummy
 72462 | Tomb:1   | Killed a greater mummy
 72483 | Tomb:1   | Noticed a greater mummy
 72493 | Tomb:1   | Killed a greater mummy
 72498 | Tomb:1   | Noticed a greater mummy
 72506 | Tomb:1   | Killed a greater mummy
 72507 | Tomb:1   | Noticed a greater mummy
 72518 | Tomb:1   | Killed a greater mummy
 72570 | Tomb:1   | Noticed a greater mummy
 72572 | Tomb:1   | Noticed a greater mummy
 72577 | Tomb:1   | Noticed a greater mummy
 72585 | Tomb:1   | Killed a greater mummy
 72593 | Tomb:1   | Killed a greater mummy
 72599 | Tomb:1   | Killed a greater mummy
 73036 | Tomb:3   | Entered Level 3 of the Tomb of the Ancients
 73045 | Tomb:3   | Noticed a greater mummy
 73046 | Tomb:3   | Noticed a greater mummy
 73050 | Tomb:3   | Noticed a greater mummy
 73064 | Tomb:3   | Noticed a greater mummy
 73064 | Tomb:3   | HP: 5/226 [death scarab (12)]
 73065 | Tomb:3   | Noticed a greater mummy
 73065 | Tomb:3   | The Shining One protects you from harm!
 73067 | Tomb:3   | Lost mutation: You have sharp fingernails. [the power of
                  | Zot]
 73069 | Tomb:3   | HP: 11/226 [??? (1)]
 73074 | Tomb:3   | Noticed a greater mummy
 73074 | Tomb:3   | Noticed an ancient lich
 73089 | Tomb:3   | Killed an ancient lich
 73099 | Tomb:3   | Noticed a greater mummy
 73100 | Tomb:3   | HP: 9/226 [greater mummy (15)]
 73117 | Tomb:3   | Got a golden rune of Zot
 73117 | Tomb:3   | HP: 6/226 [death scarab (15)]
 73129 | Tomb:3   | Gained mutation: You are clumsy. (Dex -2) [mutagenic glow]
 73133 | Tomb:3   | Killed a greater mummy
 73151 | Tomb:3   | Killed a greater mummy
 73257 | Tomb:3   | Killed a greater mummy
 73374 | Tomb:3   | Identified the +0 large shield "Fiemmiv" {+Fly rF+ rN++
                  | Dex+3}
 73384 | Tomb:3   | Killed a greater mummy
 73399 | Tomb:3   | Killed a greater mummy
 73436 | Tomb:3   | Killed a greater mummy
 73625 | Tomb:3   | Noticed a greater mummy
 73636 | Tomb:3   | Killed a greater mummy
 73677 | Tomb:3   | Killed a greater mummy
 73820 | Tomb:3   | Got a coiled iron ring
 73845 | Tomb:3   | Got a glittering ivory amulet
 74202 | Tomb:3   | Got a jewelled plate armour
 74218 | Tomb:3   | Got a dazzling helmet
 74226 | Tomb:3   | Got a jewelled great sword
 74228 | Tomb:3   | Got a fine dire flail
 74672 | Lair:1   | Identified the cursed +2 great sword of Xom {slice, Dex+3}
                  | (You found it on level 3 of the Tomb of the Ancients)
 74673 | Lair:1   | Identified the +7 dire flail "Vucudoc" {crush, rElec rF+}
                  | (You found it on level 3 of the Tomb of the Ancients)
 74674 | Lair:1   | Identified the +0 helmet of True Grit {rPois Str+4} (You
                  | found it on level 3 of the Tomb of the Ancients)
 74675 | Lair:1   | Identified the amulet of Ziufaetre {RegenMP rC++} (You
                  | found it on level 3 of the Tomb of the Ancients)
 74676 | Lair:1   | Identified the ring "Gofeet" {Fire rElec Dex+7} (You found
                  | it on level 3 of the Tomb of the Ancients)
 74677 | Lair:1   | Identified the +4 plate armour of Spite {+Fly rElec Int+4}
                  | (You found it on level 3 of the Tomb of the Ancients)
 74954 | Depths:4 | Paralysed by a great orb of eyes for 3 turns
 75644 | Depths:4 | Found Hasohog's Gadget Shop.
 75985 | Depths:4 | Found a runed translucent gate.
 75985 | Depths:4 | Found a runed translucent gate.
 75986 | Depths:4 | Noticed Name63's ghost (legendary GnWz)
 75987 | Depths:4 | Found a runed translucent gate.
 75992 | Depths:4 | Found the +0 mask of the Dragon {MR+ Slay+3 SInv}
 76012 | Depths:4 | Gained mutation: You occasionally shout uncontrollably at
                  | your foes. [a neqoxec]
 76019 | Depths:4 | Gained mutation: Your magical capacity is very low. (-20%
                  | MP) [a neqoxec]
 76050 | Depths:4 | Killed Name63's ghost
 76167 | Depths:5 | Entered Level 5 of the Depths
 76213 | Depths:5 | Noticed the Enchantress
 76258 | Depths:5 | Killed the Enchantress
 76967 | Slime:1  | Entered Level 1 of the Pits of Slime
 77760 | Slime:5  | Entered Level 5 of the Pits of Slime
 77825 | Slime:5  | Found a viscous altar of Jiyva.
 77825 | Slime:5  | Noticed the Royal Jelly
 79285 | Slime:5  | Killed the Royal Jelly
 79285 | Slime:5  | Reached skill level 15 in Invocations
 79338 | Slime:4  | HP: 9/216 [death ooze[the Royal Jelly] (13)]
 79338 | Slime:4  | HP: 4/216 [azure jelly[the Royal Jelly] (5)]
 79338 | Slime:4  | Slain by an azure jelly

Levels and vault maps discovered:
D:1:      lemuel_arrival_rhombus, layout_basic
D:2:      layout_loops_ring, first_ration, minmay_tetromino_s4
D:3:      layout_rooms
D:4:      layout_gridville, serial_shops, shop, kennysheep_big_empty_room
D:5:      layout_loops_ring
D:6:      layout_basic, minmay_misc_feat_columns, uniq_menkaure, uniq_eustachio
D:7:      layout_rooms, minmay_temple_entry_sparse_star, nicolae_elemental_shop,
          minmay_puff
D:8:      layout_rooms, makhleb_grotto_becter, david_nohive_1, st_stairs_7,
          makhleb_heckhound_becter, uniq_prince_ribbit1
D:9:      layout_roguey, due_lair_maze_entry_diamond, serial_shops,
          nicolae_shop_behind_doors
D:10:     layout_irregular_city, abandoned_shop,
          nicolae_shop_scaring_up_business
D:11:     layout_loops_cross, erik_orc_4, serial_shops, shop, shop, shop,
          nicolae_shop_stone, nicolae_shop_overgrown_old_shop
D:12:     layout_cave_pods, serial_shops, nicolae_shop_window_shopping,
          hangedman_corner_corridor, uniq_nergalle, uniq_erolcha
D:13:     layout_loops_ring, david_vaults_5, st_stairs_11,
          grunt_qazlal_sundering
D:14:     minmay_the_grid_triangle_9x9_rhombus_full_mashed
          [minmay_the_grid_triangle_9x9_sparse_checkered,
          minmay_the_grid_triangle_9x9_sprig,
          minmay_the_grid_triangle_9x9_fully_insulated_deathbox,
          minmay_the_grid_triangle_9x9_minimal,
          minmay_the_grid_triangle_9x9_corruption,
          minmay_the_grid_triangle_9x9_thin_v,
          minmay_the_grid_triangle_9x9_dagger,
          minmay_the_grid_triangle_9x9_prize_special], layout_basic, basic_altar
D:15:     gammafunk_depths_entry_grave, layout_loops_ring, serial_bayou_pond_b,
          gammafunk_ghost_necromancy, uniq_nessos, uniq_kirke, uniq_louise
Temple:   grunt_wide_crystal_templ
Lair:1:   layout_loops_ring
Lair:2:   layout_gridlike, dummy_spider_entry
Lair:3:   layout_regular_city, infiniplex_staircase_pool,
          minmay_lair_oklob_chamber
Lair:4:   minmay_lair_oklob_tunnel, layout_misc_corridors, swamp_mist_pool,
          infiniplex_staircase_pool_2, lemuel_fruit_fields, uniq_urug
Lair:5:   layout_roguey, slime_altar_1
Lair:6:   wormcave, layout_loops_ring, guppyfry_lair_end_dragon,
          ebering_ghost_inner_flame, serial_bayou_shore_a, grunt_megastairs_5
Swamp:1:  layout_falls_marsh, evilmike_swamp_ruin_rubble_1, swamp_pool4
Swamp:2:  layout_basic_swamp, hangedman_swamp_ruin_hall
Swamp:3:  layout_basic_swamp, gammafunk_ghost_cemetery, serial_swamp_ruin,
          hangedman_swamp_ruin_wall, evilmike_swamp_ruin_house_2
Swamp:4:  swamp_icy, layout_basic_swamp
Spider:1: layout_spider_delve, gammafunk_ghost_grave
Spider:2: layout_spider_delve
Spider:3: layout_spider_delve, nicolae_spider_cling_ruins, uniq_arachne
Spider:4: spider_rune_water, nicolae_spider_webs_and_nodes
Slime:1:  nicolae_slime_jelly_donut, layout_caves
Slime:2:  layout_caves
Slime:3:  layout_caves
Slime:4:  layout_caves, cheibrodos_slime_lost_civilization_7
Slime:5
Orc:1:    layout_caves
Orc:2:    st_orc_open, layout_diamond_mine, serial_shops,
          nicolae_shop_behind_doors, basic_altar, uniq_maurice
Elf:1:    eino_elf_arrival_shootout, layout_geoelf_grid, special_room
          [special_room_orc], basic_altar, serial_shops, shop, shop,
          nicolae_shop_trees, hangedman_elf_represent, uniq_agnes
Elf:2:    layout_geoelf_octagon, lemuel_elevator
Elf:3:    elf_hall, layout_rooms
Vaults:1: v_misc_23, ontoclasm_vaults_tryst, ontoclasm_vaults_shuriken,
          vaults_dpeg_doors, v_rooms_2, grunt_vaults_diagonal,
          hangedman_vaults_impose, v_misc_30, v_misc_15,
          nicolae_vaults_asterisk, layout_vaults_chaotic_city, serial_shops,
          shop
Vaults:2: vaults_room_large_hall, hangedman_vaults_slice,
          nicolae_vaults_little_squares_5, nicolae_vaults_big_angled_halls,
          vaults_mumra_lcd, st_check, vaults_room_fours, vaults_dpeg_hooks,
          grunt_vaults_hallway_short, nicolae_vaults_little_squares_4,
          layout_vaults_omnicross, enter_trove_5
Vaults:3: v_alt_pattern_5, nicolae_vaults_little_squares_3, v_rooms_5,
          v_alt_pattern_2, vaults_mumra_hexcomb,
          ontoclasm_vaults_loading_screen, minmay_crypt_entry_necro_gods,
          nicolae_vaults_alarming, serial_ice_b, layout_vaults_omnigrid,
          serial_shops, nicolae_shop_waterfront
Vaults:4: nicolae_vaults_little_squares_5, v_misc_13, hangedman_vaults_stagger,
          hangedman_vaults_river_flow, v_misc_27, nicolae_vaults_rhombus_6,
          v_misc_27, ontoclasm_vaults_ligature, ontoclasm_vaults_pinch,
          layout_vaults_omnibox, uniq_bai_suzhen
Vaults:5: serial_shops
Crypt:1:  layout_misc_corridors, gammafunk_ghost_mausoleum, grunt_megastairs_2,
          uniq_khufu
Crypt:2:  layout_gridlike, grunt_megastairs_3
Crypt:3:  lightli_unholy_cathedral, layout_chaotic_city, feat_on_display
Tomb:1:   uniq_boris
Tomb:2
Tomb:3
Depths:1: layout_cave_shapes, corexii_corridor_pit, abyss_entry, hell_entry,
          serial_bayou_pond_d, nicolae_transmutations_shop,
          kennysheep_windowed_goal, minmay_shoptagon
Depths:2: minmay_octagon_keep, layout_small_grid, hellmouth_1, serial_rivers,
          chequers_serial_rivers_micro_e, chequers_serial_rivers_micro_b,
          chequers_serial_rivers_room_b, chequers_serial_rivers_micro_e,
          chequers_serial_rivers_small_3, marbit_kobold_abyss_entry,
          nicolae_ashenzari_panopticon, infiniplex_staircase_x
Depths:3: evilmike_pillar_path, layout_basic, infiniplex_staircase_zigzag_3,
          rand_demon_pan_entry_3, pf_coc_iceberg, grunt_megastairs_1
Depths:4: kennysheep_blocky_room, layout_basic, biasface_ghost_demon_polymorph,
          hangedman_geh_valley, serial_shops, shop,
          abyss_entry_small_statue_room, serial_sigils_hangedman_snap,
          grunt_decor_clamped
Depths:5: grunt_zot_entry_tricorne, layout_basic, enter_ziggurat_b, hell_entry,
          minivault_16, uniq_enchantress

Skill      XL: |  1  2  3  4  5  6  7  8  9 10 11 12 13 14 15 16 17 18 19 20 21 22 23 24 25 26 27 |
---------------+----------------------------------------------------------------------------------+-----
Maces & Flails | 3 4 5 7 9 10 12 13 14 15 16 17 18 19 21 22 23 25 | 25.5
Shields        | 4 5 6 7 8 10 11 12 13 16 18 19 21 22 24 25 26 27 | 27.0
Armour         | 4 5 6 8 9 10 11 12 13 14 15 16 17 18 19 | 19.6
Fighting       | 4 5 6 7 8 10 11 12 13 14 15 16 17 18 19 21 22 23 26 | 26.6
Invocations    | 1 2 3 5 8 9 15 | 15.0

Action                   |  1- 3 |  4- 6 |  7- 9 | 10-12 | 13-15 | 16-18 | 19-21 | 22-24 | 25-27 || total
-------------------------+-------+-------+-------+-------+-------+-------+-------+-------+-------++-------
Melee: Flail             |   174 |   155 |   366 |   829 |  1571 |  1976 |  2316 |  1205 |       ||  8592
       Morningstar       |       |   107 |   147 |       |       |       |       |       |       ||   254
       Whip              |       |       |       |       |       |    11 |       |       |       ||    11
       Headbutt          |       |       |       |       |       |       |       |    49 |       ||    49
       Sacred scourge    |       |       |       |       |       |       |       |   977 |  2577 ||  3554
Invok: Divine Shield     |       |       |       |     1 |     4 |    14 |    17 |    23 |    20 ||    79
       Summon Divine War |       |       |       |       |       |       |       |     3 |    45 ||    48
       Brand Weapon With |       |       |       |       |       |       |       |     1 |       ||     1
 Abil: Fly               |       |       |       |       |     1 |       |       |       |       ||     1
  Use: Potion            |       |     1 |       |     1 |     8 |    10 |     6 |     4 |    15 ||    45
       Scroll            |       |       |     1 |    22 |    14 |    12 |    14 |    20 |    34 ||   117
  Eat: Chunk             |     2 |     6 |    12 |    18 |    35 |    23 |    19 |    20 |    11 ||   146
       Ration            |       |       |     1 |     1 |     2 |     7 |    11 |     5 |    14 ||    41
Armor: Scale mail        |    98 |   164 |   338 |       |       |       |       |       |       ||   600
       Plate armour      |       |       |    34 |   485 |   413 |   256 |       |   129 |  1216 ||  2533
       Chain mail        |       |       |       |     9 |   328 |   601 |   396 |       |       ||  1334
       Fire dragon scale |       |       |       |       |     8 |       |       |       |       ||     8
       Crystal plate arm |       |       |       |       |       |       |   507 |   854 |       ||  1361
Dodge: Dodged            |    69 |   100 |   182 |   154 |   267 |   333 |   294 |   310 |   405 ||  2114
Block: Shield            |   116 |   183 |   329 |   458 |   510 |       |   787 |  1364 |       ||  3747
       Large shield      |       |       |       |       |   732 |  2200 |  1570 |   990 |  3500 ||  8992
       Other             |       |       |       |       |    13 |       |       |       |       ||    13
